 Dungeon Crawl Stone Soup version 0.28-a0-175-gb2089b6bb7 (webtiles) character file.

Game seed: 15338256208554458027

534 Gunterle the Cudgeller (level 6, 0/51 HPs)
             Began as a Demigod Artificer on Aug 17, 2021.
             Slain by an ice beast (14 damage)
             ... on level 4 of the Dungeon.
             The game lasted 00:11:47 (5877 turns).

Gunterle the Cudgeller (Demigod Artificer)          Turns: 5877, Time: 00:11:48

Health: 0/51       AC:  3    Str: 21    XL:     6   Next: 74%
Magic:  8/8        EV: 11    Int: 13    God:
Gold:   204        SH:  0    Dex: 14    Spells: 5/5 levels left

rFire   . . .      SeeInvis .   c - +0 flail
rCold   . . .      Faith    .   (no shield)
rNeg    . . .      Spirit   .   b - +0 leather armour
rPois   .          Reflect  .   (no helmet)
rElec   .          Harm     .   (no cloak)
rCorr   .          Rampage  .   (no gloves)
Will    .....                   (no boots)
Stlth   +.........              (no amulet)
HPRegen 0.17/turn               (no ring)
MPRegen 0.11/turn               (no ring)

@: no status effects
A: high mp 1, forlorn
a: no special abilities


You were on level 4 of the Dungeon.
You visited 1 branch of the dungeon, and saw 4 of its levels.

You collected 204 gold pieces.

Inventory:

Hand Weapons
 a - a +0 club
 c - a +0 flail (weapon)
Missiles
 g - 45 stones
 h - 89 arrows
 j - 24 bolts
 r - 4 javelins (quivered)
 u - 15 sling bullets
Armour
 b - a +0 leather armour (worn)
 f - a +0 ring mail
 l - a +0 chain mail
 m - a +0 chain mail
Wands
 d - a wand of charming (15)
Scrolls
 k - a scroll of teleportation
 n - a scroll of enchant armour {unknown}
 o - a scroll of magic mapping
 p - a scroll of fear
 q - a scroll of immolation {unknown}
Potions
 i - a potion of heal wounds
 s - 2 potions of curing
 t - a potion of ambrosia
 v - a potion of brilliance {unknown}
 w - a potion of flight {unknown}
Miscellaneous
 e - a piece from Xom's chessboard (14/15)


   Skills:
 + Level 3.3 Fighting
 * Level 4.6 Maces & Flails
 + Level 3.7 Armour
 - Level 0.8 Dodging
 - Level 0.8 Stealth
 - Level 2.6 Evocations


You had 5 spell levels left.
You didn't know any spells.
Your spell library was empty.

Dungeon Overview and Level Annotations

Branches:
Dungeon (4/15)
 Temple: D:4-7


Innate Abilities, Weirdness & Mutations

Your attributes grow dramatically as you level up.
You have an increased reservoir of magic. (+10% MP)
You shall have no god before yourself.


Message History

You are too injured to fight recklessly!
You are too injured to fight recklessly!
You are too injured to fight recklessly!
You are too injured to fight recklessly!
You are too injured to fight recklessly!
You are too injured to fight recklessly!
You are too injured to fight recklessly!
You are too injured to fight recklessly!
You are too injured to fight recklessly!
You are too injured to fight recklessly!
You are too injured to fight recklessly!
You are too injured to fight recklessly!
You are too injured to fight recklessly!
You are too injured to fight recklessly!
You are too injured to fight recklessly!
You are too injured to fight recklessly!
You are too injured to fight recklessly!
You make a move on Xom's chessboard...
The ice beast seems to slow down.
The ice beast misses you.
Unknown command.
Unknown command.
You hit the ice beast but do no damage.
The ice beast is moderately wounded.
The ice beast hits you but does no damage.
You hit the ice beast but do no damage.
The ice beast is moderately wounded.
You hit the ice beast but do no damage.
The ice beast is moderately wounded.
The ice beast barely misses you.
You sock the ice beast!
The ice beast is heavily wounded.
The ice beast hits you. The ice beast freezes you.
You hit the ice beast.
The ice beast is severely wounded.
You closely miss the ice beast.
The ice beast is severely wounded.
The ice beast hits you.
* * * LOW HITPOINT WARNING * * *
The ice beast freezes you!
You die...

.. #.# #..# #... #...##
#####. #....# ...... #>...###
###### #..Y@..# ######.## ##
###########..####.
.#######..................
.................###.########
#######.########............#
...[....# #####.##.....#
######### ### #.#..##### #
#.######...##


You could see an ice beast (slow).

Vanquished Creatures
  A necrophage (D:3)
  A phantom (D:4)
  2 vampire bats
  3 hounds
  Jessica (D:2)
  3 adders
  A worm (D:2)
  2 dart slugs (D:3)
  3 fire bats (D:3)
  An orc (D:3)
  2 spectral bats (D:3)
  12 bats
  4 bat skeletons
  4 bat zombies
  6 endoplasms
  3 giant cockroaches
  2 goblins
  4 hobgoblins
  4 jackals
  5 kobolds
  2 quokkas
  5 ball pythons
  A bat simulacrum (D:3)
  8 frilled lizards
  7 rats
87 creatures vanquished.

Notes
Turn   | Place    | Note
-------+----------+-------------------------------------------
     0 | D:1      | Gunterle the Demigod Artificer began the quest for the Orb.
     0 | D:1      | Reached XP level 1. HP: 15/15 MP: 3/3
    39 | D:1      | Reached skill level 1 in Fighting
   475 | D:1      | Reached skill level 1 in Maces & Flails
   566 | D:1      | Reached XP level 2. HP: 23/23 MP: 4/4
  1362 | D:2      | Noticed Jessica
  1366 | D:2      | Killed Jessica
  1367 | D:2      | Reached skill level 2 in Maces & Flails
  1367 | D:2      | Reached XP level 3. HP: 28/28 MP: 5/5
  2545 | D:3      | Reached XP level 4. HP: 24/36 MP: 6/6
  3412 | D:3      | Reached skill level 3 in Maces & Flails
  3487 | D:3      | Reached XP level 5. HP: 41/41 MP: 7/7
  4984 | D:4      | Noticed a necrophage
  5010 | D:3      | Killed a necrophage
  5011 | D:3      | Reached skill level 4 in Maces & Flails
  5011 | D:3      | Reached XP level 6. HP: 19/47 MP: 8/8
  5877 | D:4      | Slain by an ice beast

Illustrated notes

Levels and vault maps discovered:
D:1:      dpeg_arrival_pits, layout_basic
D:2:      layout_loops_ring, bh_walls_and_bars, uniq_jessica
D:3:      layout_basic, mainiacjoe_overflow_boulevard,
          shapermc_ecumenical_altar_starsandcircs, minmay_misc_feat_iff,
          goddamned_bats
D:4:      layout_rooms, kennysheep_vampire_church, kennysheep_generic_room_14

Skill      XL: |  1  2  3  4  5  6 |
---------------+-------------------+-----
Fighting       | 1 2 3 |  3.3
Maces & Flails | 1 2 3 4 |  4.6
Armour         | 2 3 |  3.7
Dodging        | |  0.8
Stealth        | |  0.8
Evocations     | |  2.6

Action                   |  1- 3 |  4- 6 || total
-------------------------+-------+-------++-------
Melee: Club              |   155 |   208 ||   363
       Flail             |       |    62 ||    62
Throw: Javelin           |       |     4 ||     4
Evoke: Wand              |    14 |     1 ||    15
       Piece from Xom's  |       |     3 ||     3
  Use: Scroll            |     4 |     2 ||     6
       Potion            |       |     1 ||     1
 Stab: Sleeping          |     2 |     1 ||     3
       Distracted        |     1 |       ||     1
       Confused          |       |     2 ||     2
Armor: Leather armour    |    46 |   152 ||   198
Dodge: Dodged            |   108 |   254 ||   362

Table legend: (Time is in decaauts)
 A = Elapsed time spent in this place.
 B = Non-inter-level travel time spent in this place.
 C = Inter-level travel time spent in this place.
 D = Time resting spent in this place.
 E = Time spent auto-exploring this place.
 F = Levels seen in this place.
 G = Mean time per level.
                   A        B        C        D        E       F      G
               +--------+--------+--------+--------+--------+-----+--------+
         Total |   5962 |   5659 |    303 |   2322 |   2364 |   4 | 1490.5 |
       Dungeon |   5962 |   5659 |    303 |   2322 |   2364 |   4 | 1490.5 |
               +--------+--------+--------+--------+--------+-----+--------+

Top non-repeatable levels by time:
     D:3: 2800 daAuts
     D:1: 1281 daAuts
     D:2: 1154 daAuts
     D:4: 725 daAuts
